Map: World of Sleepers LE

Players

LiquidTaeJa (TaeJa) - Winner!

  • Race: Terran Terran
  • League: Master
  • Spawn Location: 7:00

LiquidMaNa (MaNa)

  • Race: Protoss Protoss
  • League: Grandmaster
  • Spawn Location: 1:00

Event: HomeStory Cup XX

VOD

Have the link to the VOD?

Description

Time

  • Played on: Nov. 23, 2019, 7:17 a.m.
  • Length: 7:36

All games in this series

Show
View Real Time Build Order
Export as new Build Order

LiquidTaeJa Terran - Winner!

Build Orders: Reaper Expand 

Get SALT Encoding   

  12  0:00  SCV  
  13  0:13  SCV  
  14  0:16  Supply Depot  
  14  0:25  SCV  
  15  0:38  SCV  
  15  0:41  Barracks  
  15  0:42  Refinery  
  16  0:50  SCV  
  17  1:02  SCV  
  18  1:14  SCV  
  19  1:28  Orbital Command  
  19  1:29  Reaper  
  20  1:39  Command Center  
  20  1:47  Supply Depot  
  20  1:54  SCV  
  21  2:01  Marine  
  22  2:06  SCV  
  23  2:08  Factory  
  23  2:11  Refinery  
  23  2:18  SCV  
  23  2:20  Barracks Reactor  
  24  2:30  SCV  
  24  2:33  Barracks  
  25  2:42  SCV  
  25  2:48  Bunker  
  25  2:51  Orbital Command  
  25  2:54  Factory Tech Lab, SCV  
  25  2:57  Marine  
  27  2:59  Marine  
  28  3:06  SCV  
  28  3:12  Cyclone  
  32  3:17  SCV  
  32  3:18  SCV  
  32  3:19  Marine  
  35  3:20  Marine  
  36  3:29  SCV  
  36  3:30  SCV  
  37  3:36  Supply Depot  
  37  3:37  Marine  
  37  3:38  Marine  
  39  3:41  SCV  
  39  3:42  SCV  
  39  3:44  Starport  
  41  3:50  Stimpack  
  41  3:51  Marine  
  40  3:57  SCV x2  
  37  4:06  Marine  
  37  4:07  Marine  
  37  4:08  Marine, Factory Reactor  
  37  4:09  SCV x2  
  41  4:14  Engineering Bay  
  41  4:20  Viking  
  41  4:21  SCV x2  
  45  4:24  Marine  
  45  4:25  Marine  
  45  4:26  Marine  
  48  4:33  SCV x2  
  48  4:37  Supply Depot  
  50  4:40  Terran Infantry Weapons Level 1  
  50  4:41  Supply Depot  
  50  4:45  SCV  
  50  4:46  SCV  
  50  4:49  Barracks  
  54  4:52  Marauder  
  54  4:54  Factory Tech Lab  
  54  4:58  Marine x2  
  54  4:59  Medivac, SCV x2  
  60  5:03  Medivac  
  62  5:11  SCV x2  
  62  5:14  Refinery, Supply Depot  
  64  5:19  Marauder  
  64  5:21  Factory Reactor  
  66  5:23  SCV x2  
  66  5:24  Marine x2  
  70  5:30  Combat Shield  
  70  5:35  SCV x2  
  70  5:36  Marine  
  70  5:40  Marine  
  70  5:41  Marine x2  
  67  5:47  SCV  
  61  5:54  Marine  
  56  5:59  Marauder, Marine  
  56  6:01  SCV  
  57  6:05  SCV  
  57  6:10  Marine  
  58  6:14  SCV  
  59  6:28  SCV x2  
  61  6:34  Marauder  
  58  6:41  SCV x2  
  58  6:44  Marine  
  58  6:45  Marine  
  60  6:53  Marine, SCV  
  60  6:54  SCV  
  59  6:55  Marine  
  59  7:01  Supply Depot  
  59  7:02  Medivac  
  59  7:06  SCV x2  
  59  7:07  Marine x2  
  64  7:18  Marine  
  64  7:21  SCV x2  
Show
View Real Time Build Order
Export as new Build Order

LiquidMaNa Protoss 

Build Orders: 1 Gate Expand, Oracle Opening 

Get SALT Encoding   

  12  0:00  Probe  
  13  0:12  Probe  
  14  0:18  Pylon  
  14  0:24  Probe  
  15  0:32  Probe  
  15  0:37  Gateway  
  15  0:40  Probe  
  16  0:46  Assimilator  
  17  0:51  Probe  
  18  1:03  Probe  
  19  1:18  Nexus  
  19  1:28  Cybernetics Core  
  19  1:31  Probe  
  20  1:37  Assimilator  
  20  1:43  Probe  
  21  1:49  Pylon  
  21  1:55  Probe  
  21  1:57  Adept  
  21  1:59  Pylon  
  22  2:08  Probe  
  25  2:19  Adept, Stargate  
  25  2:22  Probe  
  28  2:32  Warp Gate  
  28  2:35  Probe  
  29  2:40  Adept  
  29  2:42  Probe  
  30  2:47  Probe  
  33  2:54  Probe  
  34  2:58  Oracle  
  34  2:59  Probe  
  38  3:07  Probe  
  38  3:11  Probe  
  40  3:19  Gateway  
  40  3:24  Gateway  
  40  3:27  Probe  
  40  3:28  Probe  
  40  3:32  Oracle  
  42  3:39  Probe  
  46  3:41  Probe  
  46  3:45  Pylon  
  47  3:51  Probe  
  47  3:53  Probe  
  49  3:58  Oracle  
  45  4:04  Probe  
  45  4:08  Probe  
  45  4:09  Assimilator  
  48  4:10  Assimilator  
  48  4:16  Probe  
  49  4:20  Twilight Council  
  49  4:22  Probe  
  50  4:24  Forge  
  50  4:26  Phoenix  
  50  4:29  Probe  
  51  4:34  Probe  
  54  4:40  Nexus  
  54  4:46  Shield Battery  
  54  4:47  Probe x2  
  54  4:48  Sentry  
  58  4:54  Phoenix  
  60  5:00  Probe x2  
  62  5:09  Charge  
  62  5:13  Protoss Ground Armor Level 1  
  62  5:15  Pylon  
  62  5:16  Pylon  
  62  5:21  Gateway  
  62  5:22  Gateway  
  62  5:26  Pylon  
  62  5:33  Probe x2  
  64  5:43  Zealot x3  
  64  5:45  Probe  
  71  5:50  Gateway  
  71  5:51  Gateway  
  71  5:55  Probe  
  55  6:04  Stalker x3  
  51  6:12  Probe x2  
  51  6:17  Zealot x2  
  48  6:24  Probe  
  51  6:28  Zealot  
  42  6:36  Zealot  
  42  6:37  Zealot  
  36  6:43  Zealot  
  34  6:47  Probe  
  34  6:50  Zealot  
  31  6:55  Probe  
  31  6:56  Probe  
  31  6:59  Probe  
  34  7:07  Sentry x2  
  34  7:08  Probe  
  39  7:09  Sentry  
  39  7:15  Zealot  
  41  7:21  Stalker  
  35  7:24  Stalker  
Tags
 
Add a new tag
Caveats
  • Supply blocks, unpowered buildings, or Contaminate may cause inaccurate times.
  • Supply counts are checked every 10 seconds.